 Dungeon Crawl Stone Soup version 0.20.1-1-g8b1a95d (webtiles) character file.

692 Gremour the Cleaver (level 7, -1/57 HPs)
             Began as a Hill Orc Fighter on Dec 3, 2017.
             Slain by a gnoll
             ... wielding a +0 halberd
              (13 damage)
             ... on level 4 of the Dungeon.
             The game lasted 00:15:21 (4114 turns).

Gremour the Cleaver (Hill Orc Fighter)              Turns: 4114, Time: 00:15:22

Health: -1/57      AC:  4    Str: 19    XL:     7   Next: 63%
Magic:  7/7        EV:  7    Int:  8    God:
Gold:   209        SH:  9    Dex: 12    Spells: 6/6 levels left

rFire    . . .     SeeInvis .   a - +0 war axe
rCold    . . .     Gourm    .   c - +0 shield
rNeg     . . .     Faith    .   b - +0 scale mail
rPois    .         Spirit   .   (no helmet)
rElec    .         Reflect  .   d - +0 cloak
rCorr    .         Harm     .   (no gloves)
MR       .....                  (no boots)
Stlth    ..........             (no amulet)
Regen    0.2/turn               (no ring)
MPRegen  0.1/turn               (no ring)

@: corroded
A: no striking features
a: no special abilities


You were on level 4 of the Dungeon.
You were not hungry.

You visited 1 branch of the dungeon, and saw 5 of its levels.

You collected 209 gold pieces.

Inventory:

Hand Weapons
 a - a +0 war axe (weapon)
 r - the +1 mace "Wetul" {speed, rElec Stlth+}
   (You found it on level 4 of the Dungeon)

   Attacks with this weapon are significantly faster.
   It insulates you from electricity.
   It makes you more stealthy.
Armour
 b - a +0 scale mail (worn)
 c - a +0 shield (worn)
 d - a +0 cloak (worn)
Wands
 p - a wand of acid (11/15)
Scrolls
 e - 3 scrolls of teleportation
 i - 2 scrolls of identify
 n - a scroll of fog {unknown}
 q - a scroll of immolation
Potions
 k - a potion of magic
 o - a potion of brilliance
Comestibles
 f - 3 bread rations
 j - 2 royal jellies


   Skills:
 - Level 3.6 Fighting
 * Level 10.8 Axes
 - Level 3.2 Armour
 - Level 3.2 Shields


You had 6 spell levels left.
You didn't know any spells.

Dungeon Overview and Level Annotations

Branches:
Dungeon (5/15)
 Temple: D:4-7

Altars:


Message History

The gnoll barely misses you.
You closely miss the gnoll.
The gnoll is severely wounded.
Your shield prevents you from hitting the gnoll.
The gnoll is severely wounded.
The gnoll hits you with a halberd!
You closely miss the gnoll.
The gnoll is severely wounded.
The gnoll hits you with a halberd!
You completely miss the gnoll.
The gnoll is severely wounded.
The gnoll closely misses you.
You hit the gnoll but do no damage.
The gnoll is severely wounded.
The gnoll hits you with a halberd!
* * * LOW HITPOINT WARNING * * *
You closely miss the gnoll.
The gnoll is severely wounded.
The gnoll hits you with a halberd!
You die...

###.###....#...#..##......# #...
###.#..............#..##### #)..
.##.#......#.#.###.#......# ####
.##.#......#.#.# #.#..#####
.##.#......#.#.# #.#..###########
.#...##.##....)###.............##
....(##.##........#..............
.....##.##.....##)#..............
.....##.##.#....@g...............
....###.##.######.#..............
....# #..............>...........
....######...............#...).##
....##...........#####...#.......
.............###.### #...##.##...
.............# #...########.##...
...........### ###.##............
.........(.# #............###


You could see a gnoll.

Vanquished Creatures
  Grinder (D:4)
  A phantom (D:4)
  A scorpion (D:4)
  A howler monkey (D:4)
  2 hounds (D:4)
  Crazy Yiuf (D:4)
  A jelly (D:4)
  An iguana (D:4)
  7 adders
  A gnoll (D:4)
  An ooze (D:3)
  An adder skeleton (D:4)
  4 worms
  3 dart slugs (D:2)
  A leopard gecko (D:2)
  7 orcs
  5 ball pythons
  9 giant cockroaches
  9 hobgoblins
  2 jackals (D:3)
  8 kobolds
  6 bats
  3 frilled lizards
  7 goblins
  A leopard gecko skeleton (D:4)
  9 rats
93 creatures vanquished.

Notes
Turn   | Place    | Note
-------+----------+-------------------------------------------
     0 | D:1      | Gremour the Hill Orc Fighter began the quest for the Orb.
     0 | D:1      | Reached XP level 1. HP: 19/19 MP: 1/1
     5 | D:1      | Reached skill level 3 in Axes
   196 | D:1      | Reached XP level 2. HP: 26/26 MP: 2/2
   302 | D:1      | Reached skill level 4 in Axes
   634 | D:1      | Reached XP level 3. HP: 25/31 MP: 3/3
   866 | D:2      | Reached skill level 5 in Axes
  1191 | D:2      | Reached XP level 4. HP: 39/39 MP: 4/4
  1381 | D:2      | Reached skill level 6 in Axes
  2005 | D:3      | Reached XP level 5. HP: 45/45 MP: 5/5
  2293 | D:3      | Reached skill level 7 in Axes
  2576 | D:4      | Got an ivory mace
  2578 | D:4      | Identified the cursed +1 mace "Wetul" {speed, rElec Stlth+} (You found it on level 4 of the Dungeon)
  2823 | D:4      | Reached skill level 8 in Axes
  2823 | D:4      | Reached XP level 6. HP: 39/51 MP: 6/6
  2956 | D:4      | Found a runed door.
  2960 | D:4      | Noticed Crazy Yiuf
  3245 | D:4      | Killed Crazy Yiuf
  3536 | D:4      | Noticed a phantom
  3611 | D:4      | Killed a phantom
  3611 | D:4      | Reached skill level 9 in Axes
  3891 | D:5      | Entered Level 5 of the Dungeon
  3891 | D:5      | Noticed Grinder
  3897 | D:5      | Noticed an ice beast
  3901 | D:4      | Paralysed by Grinder for 2 turns
  3904 | D:4      | Killed Grinder
  3904 | D:4      | Reached skill level 10 in Axes
  3904 | D:4      | Reached XP level 7. HP: 24/57 MP: 7/7
  4114 | D:4      | Slain by a gnoll

Skill      XL: |  1  2  3  4  5  6 |
---------------+-------------------+-----
Axes           | 3 4 5 6 8 10 | 10.8
Fighting       | |  3.6
Armour         | |  3.2
Shields        | |  3.2

Action                   |  1- 3 |  4- 6 |  7- 9 || total
-------------------------+-------+-------+-------++-------
Melee: War axe           |   101 |   183 |    15 ||   299
       Mace              |       |    59 |       ||    59
  Use: Potion            |     3 |     4 |       ||     7
       Scroll            |       |     8 |       ||     8
  Eat: Chunk             |     1 |     6 |       ||     7
       Bread ration      |       |     1 |       ||     1
Armor: Scale mail        |    47 |    91 |     4 ||   142
Dodge: Dodged            |    34 |    75 |    10 ||   119
Block: Shield            |    53 |   102 |     9 ||   164
